 Dungeon Crawl Stone Soup version 0.24.0-29-g8ce449bc06 (webtiles) character file.

Game seed: 7762228319528552911, levelgen mode: deterministic

536 night the Shield-Bearer (level 7, -2/49 HPs)
             Began as an Octopode Fighter on Nov 13, 2019.
             Slain by a sky beast (5 damage)
             ... on level 6 of the Dungeon.
             The game lasted 00:11:45 (3836 turns).

night the Shield-Bearer (Octopode Fighter)          Turns: 3836, Time: 00:11:47

Health: -2/49      AC:  1    Str: 17    XL:     7   Next: 25%
Magic:  7/7        EV: 13    Int: 17    God:
Gold:   101        SH: 10    Dex: 11    Spells: 6/6 levels left

rFire    + . .     SeeInvis .   a - +0 rapier
rCold    . . .     Gourm    .   t - +1 shield
rNeg     . . .     Faith    .   (helmet restricted)
rPois    .         Spirit   .   h - amulet of rage
rElec    .         Reflect  .   u - +6 ring of intelligence
rCorr    .         Harm     .   n - ring of attention (curse)
MR       .....     Clarity  +   (no ring)
Stlth    +.........             (no ring)
HPRegen  0.16/turn              (no ring)
MPRegen  0.10/turn              (no ring)
                                (no ring)
                                (no ring)

@: no status effects
A: almost no armour, stealthy swim, amphibious, 8 rings, constrict 8, camouflage
1, clarity, fire resistance 1, wild magic 1, gelatinous body 1
a: Evoke Berserk Rage


You were on level 6 of the Dungeon.
You were not hungry.

You visited 1 branch of the dungeon, and saw 6 of its levels.
You also visited: Sewer.

You collected 245 gold pieces.
You spent 144 gold pieces at shops.

Inventory:

Hand Weapons
 a - a +0 rapier (weapon)
 b - a +0 hand crossbow
Missiles
 i - 25 sling bullets
 j - 2 throwing nets
 k - 20 bolts
 l - 105 stones
 p - 4 boomerangs
 q - 21 poisoned darts (quivered)
 s - 7 javelins
Armour
 t - a +1 shield (worn)
Jewellery
 h - an amulet of rage (around mantle)
 n - a cursed ring of attention (right tentacle)
 u - a +6 ring of intelligence (left tentacle)
Scrolls
 f - 3 scrolls of teleportation
 m - 4 scrolls of remove curse
 o - 3 scrolls of identify
 r - a scroll of immolation
 v - a scroll of fog
 y - a scroll of enchant weapon {unknown}
Potions
 c - a potion of might
 e - 3 potions of curing
 g - 4 potions of flight
 w - 2 potions of agility
 x - a potion of invisibility
Comestibles
 d - 11 rations
 z - 2 chunks of flesh


   Skills:
 + Level 4.4 Fighting
 + Level 3.8 Short Blades
 + Level 4.4 Dodging
 * Level 5.5 Shields


You had 6 spell levels left.
You didn't know any spells.
Your spell library was empty.

Dungeon Overview and Level Annotations

Branches:
Dungeon (6/15)              Sewer (visited)
 Temple: D:4-7

Altars:

Shops:
D:4 *(*


Innate Abilities, Weirdness & Mutations

You cannot wear most types of armour.
You are very stealthy in the water. (Stealth+)
You are amphibious.
You can wear up to eight rings at the same time.
You can use your tentacles to constrict eight enemies at once.
Your skin changes colour to match your surroundings (Stealth+).
Your rubbery body absorbs attacks. (AC +1, EV +1)
You possess an exceptional clarity of mind.
Your flesh is heat resistant. (rF+)
Your spells are a little harder to cast, but a little more powerful.


Message History

* * * LOW HITPOINT WARNING * * *
Deactivating autopickup; reactivate with Ctrl-A.
The sky beast completely misses you.
You feel better. The ooze closely misses you.
You hear some strange, mumbled words.
A puff of flame appears from out of thin air!
The puff of flame hits you. You resist.
* * * LOW HITPOINT WARNING * * *
The sky beast flickers out of sight!
Something hits you.
* * * LOW HITPOINT WARNING * * *
Something shocks you.
* * * LOW HITPOINT WARNING * * *
You hit something.
Reactivating autopickup.
You feel your intelligence returning.
You feel a bit more experienced. You block the ooze's attack.
Something hits you.
* * * LOW HITPOINT WARNING * * *
Something shocks you.
You die...

..#############
.......@.......
......)J{......
........:......
##.............
#.............
+.............
#.....!.$.....
...###########


You could see an ooze.

Vanquished Creatures
  A centaur (D:4)
  A bullfrog zombie (D:5)
  2 hounds
  A bullfrog skeleton (D:4)
  An iguana (D:3)
  2 merfolk sirens (Sewer)
  2 orc wizards
  A merfolk avatar (Sewer)
  A howler monkey skeleton (D:5)
  3 adders
  5 river rats
  3 worms
  3 leopard geckos
  3 orcs (D:3)
  8 ball pythons
  2 bats
  7 giant cockroaches
  6 goblins
  10 hobgoblins
  2 jackals (D:3)
  6 quokkas
  6 frilled lizards
  6 kobolds
  30 rats
112 creatures vanquished.

Notes
Turn   | Place    | Note
-------+----------+-------------------------------------------
     0 | D:1      | night the Octopode Fighter began the quest for the Orb.
     0 | D:1      | Reached XP level 1. HP: 16/16 MP: 1/1
   142 | D:1      | Reached XP level 2. HP: 21/21 MP: 2/2
   809 | D:2      | Reached XP level 3. HP: 26/26 MP: 3/3
  1159 | D:2      | You fall into a shaft and drop 2 floors!
  1393 | D:3      | Reached XP level 4. HP: 20/31 MP: 4/4
  1699 | D:3      | Reached skill level 4 in Shields
  1923 | D:3      | Reached XP level 5. HP: 33/36 MP: 5/5
  1941 | D:3      | Found a glowing drain.
  1945 | Sewer    | Entered a sewer
  2342 | Sewer    | Noticed a malarious merfolk avatar
  2374 | Sewer    | Killed a malarious merfolk avatar
  2374 | Sewer    | Reached XP level 6. HP: 42/43 MP: 6/6
  3021 | D:4      | Found Mempaef's General Store.
  3107 | D:4      | Found Suefiut's General Store.
  3118 | D:4      | Reached skill level 5 in Shields
  3120 | D:4      | Bought a potion of mutation for 96 gold pieces
  3120 | D:4      | Gained mutation: Your flesh is heat resistant. (rF+)
                  | [potion of mutation]
  3120 | D:4      | Gained mutation: Your spells are a little harder to cast,
                  | but a little more powerful. [potion of mutation]
  3120 | D:4      | Gained mutation: You possess an exceptional clarity of
                  | mind. [potion of mutation]
  3320 | D:4      | Reached XP level 7. HP: 10/48 MP: 7/7
  3604 | D:4      | Found Xeumut's Antique Weapon Boutique.
  3647 | D:5      | Entered Level 5 of the Dungeon
  3694 | D:4      | Bought 20 bolts for 48 gold pieces
  3836 | D:6      | Slain by a sky beast

Levels and vault maps discovered:
D:1:      onia_arrival_larder, layout_basic
D:2:      layout_rooms, first_ration
D:3:      layout_loops_ring, gup_sewer_entry_bowl, minmay_pentangle
D:4:      layout_basic, serial_shops, shop, shop, nicolae_shop_crystal
D:5:      layout_basic, kennysheep_vampire_church,
          minmay_temple_entry_proselytizer, basic_altar, hex_intersection
D:6:      layout_gridville

Skill      XL: |  1  2  3  4  5  6 |
---------------+-------------------+-----
Shields        | 4 5 |  5.5
Short Blades   | 3 |  3.8
Fighting       | 4 |  4.4
Dodging        | 4 |  4.4

Action                   |  1- 3 |  4- 6 |  7- 9 || total
-------------------------+-------+-------+-------++-------
Melee: Rapier            |    72 |   142 |    24 ||   238
       Constrict         |    18 |    33 |     4 ||    55
       Tentacles         |    10 |    18 |     5 ||    33
Throw: Dart              |     4 |     1 |       ||     5
  Use: Potion            |       |     5 |     2 ||     7
       Scroll            |       |    10 |       ||    10
 Stab: Sleeping          |    10 |     9 |       ||    19
  Eat: Chunk             |     2 |     6 |     1 ||     9
Armor: Skin              |     1 |     7 |       ||     8
Dodge: Dodged            |    17 |    65 |    14 ||    96
Block: Shield            |    22 |    60 |    15 ||    97
